 Dungeon Crawl Stone Soup version 0.31-a0-182-gc5ef74bbde (webtiles) character file.

Game seed: 8702313858123668056

138 Anon1729 the Trooper (level 5, -1/47 HPs)
             Began as a Minotaur Monk on June 20, 2023.
             Killed by divine providence
             ... invoked by an orc priest
              (9 damage)
             ... on level 3 of the Dungeon.
             The game lasted 00:00:49 (2007 turns).

Anon1729 the Trooper (Minotaur Monk)                Turns: 2007, Time: 00:00:50

Health: -1/47      AC:  3    Str: 16    XL:     5   Next: 1%
Magic:  5/5        EV: 13    Int:  7    God:
Gold:   121        SH:  0    Dex: 14    Spells: 4/4 levels left

rFire   . . .        a - +0 short sword
rCold   . . .        d - orb {light}
rNeg    . . .        b - +0 robe
rPois   .            (helmet restricted)
rElec   .            (no cloak)
rCorr   .            i - +0 pair of gloves
SInv    .            (no boots)
Will    .....        (no amulet)
Stlth   +            (no ring)
HPRegen 0.27/turn    (no ring)
MPRegen 0.09/turn

%: no passive effects
@: glowing
A: horns 2, retaliatory headbutt
a: no special abilities


You were on level 3 of the Dungeon.
You visited 1 branch of the dungeon, and saw 3 of its levels.

You collected 121 gold pieces.

Inventory:

Hand Weapons
 a - a +0 short sword (weapon)
Missiles
 m - 2 throwing nets
Armour
 b - a +0 robe (worn)
 d - an orb of light (worn)
 i - a +0 pair of gloves (worn)
Scrolls
 f - a scroll of amnesia {unknown}
 g - 2 scrolls of identify {unknown}
 h - a scroll of fog {unknown}
 k - 2 scrolls of teleportation {unknown}
 n - 3 scrolls of fear {unknown}
 o - a scroll of vulnerability {unknown}
 p - a scroll of revelation {unknown}
Potions
 c - a potion of ambrosia
 e - a potion of attraction {unknown}
 j - a potion of might {unknown}
 l - 3 potions of curing {unknown}


   Skills:
 + Level 4.4 Fighting
 + Level 4.0 Short Blades
 + Level 2.4 Armour
 + Level 4.1 Dodging
 + Level 1.9 Invocations


You had 4 spell levels left.
You didn't know any spells.
Your spell library was empty.

Dungeon Overview and Level Annotations

Branches:
Dungeon (3/15)

Altars:
Dithmenos


Innate Abilities, Weirdness & Mutations

You have a pair of horns on your head.
You reflexively headbutt those who attack you in melee.


Message History

You kill the orc!
The orc priest calls down the wrath of Beogh upon you.
Beogh smites you!
You have reached level 5!
You barely miss the orc priest.
The orc priest is lightly wounded.
The orc priest mumbles some strange prayers to Beogh against you.
Beogh smites you!
You are too injured to fight recklessly!
You are too injured to fight recklessly!
You are too injured to fight recklessly!
You are too injured to fight recklessly!
You are too injured to fight recklessly!
You are too injured to fight recklessly!
You are too injured to fight recklessly!
You are too injured to fight recklessly!
You are too injured to fight recklessly!
You are too injured to fight recklessly!
You are too injured to fight recklessly!
You are too injured to fight recklessly!
You are too injured to fight recklessly!
You are too injured to fight recklessly!
You are too injured to fight recklessly!
You are too injured to fight recklessly!
You hit the orc priest but do no damage.
You headbutt the orc priest!
The orc priest is severely wounded.
The orc priest invokes the aid of Beogh against you.
Beogh smites you!
* * * LOW HITPOINT WARNING * * *
You hit the orc priest.
The orc priest is almost dead.
You barely miss the orc priest. Your headbutt misses the orc priest.
The orc priest is almost dead.
The orc priest barely misses you.
You hit the orc priest but do no damage.
The orc priest is almost dead.
The orc priest mumbles some strange prayers to Beogh against you.
Beogh smites you!
You die...

#########
########
#.......#
#.......
#....o..#
#.......
#....)@.#
#.....>.
####.##.#
#......> # #.#
#....... #.##
#....... #..##
##...)...
##..##
##........
##..#
#.........
##.###.........
#.##...^......


You could see an orc priest.

Vanquished Creatures
  4 gnolls (D:2)
  3 adders
  A worm (D:2)
  A dart slug (D:3)
  6 orcs
  6 bats
  3 endoplasms
  2 giant cockroaches
  6 goblins
  2 hobgoblins (D:3)
  5 jackals (D:2)
  3 quokkas
  5 ball pythons
  6 frilled lizards
  3 kobolds
  6 rats
62 creatures vanquished.

Notes
Turn   | Place    | Note
-------+----------+-------------------------------------------
     0 | D:1      | Anon1729 the Minotaur Monk began the quest for the Orb.
     0 | D:1      | Reached XP level 1. HP: 19/19 MP: 0/0
   123 | D:1      | Reached XP level 2. HP: 27/27 MP: 1/1
   613 | D:1      | Reached skill level 1 in Armour
   765 | D:2      | Reached skill level 1 in Invocations
   765 | D:2      | Reached XP level 3. HP: 32/33 MP: 2/2
   791 | D:2      | Found a shadowy altar of Dithmenos.
   983 | D:2      | Reached XP level 4. HP: 40/40 MP: 4/4
  1333 | D:2      | Found a faded altar of an unknown god.
  2003 | D:3      | Reached XP level 5. HP: 35/47 MP: 5/5
  2007 | D:3      | Killed from afar by an orc priest

Illustrated notes

Levels and vault maps discovered:
D:1:      dpeg_arrival_subterranean_lakeside_camping, layout_basic
D:2:      layout_loops_ring, basic_altar, hellmonk_ecumenical_altar_lost_god,
          skrybe_limestone_x
D:3:      layout_rooms, worldfamousw_hep_ancestral_shrine

Skill      XL: |  1  2  3  4 |
---------------+-------------+-----
Armour         | 1 2 |  2.4
Fighting       | 4 |  4.4
Invocations    | 1 |  1.9
Dodging        | 4 |  4.1
Short Blades   | 4 |  4.0

Action                     |  1- 3 |  4- 6 || total
---------------------------+-------+-------++-------
  Melee: Short sword       |    87 |    87 ||   174
         Headbutt          |    16 |    17 ||    33
 Armour: Robe              |    17 |    13 ||    30
  Dodge: Dodged            |    60 |    46 ||   106

Table legend: (Time is in decaauts)
 A = Elapsed time spent in this place.
 B = Non-inter-level travel time spent in this place.
 C = Inter-level travel time spent in this place.
 D = Time resting spent in this place.
 E = Time spent auto-exploring this place.
 F = Levels seen in this place.
 G = Mean time per level.
                   A        B        C        D        E       F      G
               +--------+--------+--------+--------+--------+-----+--------+
         Total |   1978 |   1917 |     61 |     69 |   1523 |   3 |  659.3 |
       Dungeon |   1978 |   1917 |     61 |     69 |   1523 |   3 |  659.3 |
               +--------+--------+--------+--------+--------+-----+--------+

Top non-repeatable levels by time:
     D:2: 884 daAuts
     D:1: 766 daAuts
     D:3: 327 daAuts
